 Dungeon Crawl Stone Soup version 0.31-a0-437-g7cee417757 (webtiles) character file.

Game seed: 8586723435331914334

70006 GordonOverkill the Devastator (level 15, -1/13 HPs)
             Began as an Octopode Delver on Aug 2, 2023.
             Was a High Priest of Vehumet.
             Killed from afar by a wizard (14 damage)
             ... with a fireball
             ... on level 14 of the Dungeon.
             The game lasted 01:22:46 (36301 turns).

GordonOverkill the Devastator (Octopode Delver)    Turns: 36301, Time: 01:22:46

Health: -1/13      AC: 31    Str: 11    XL:     15   Next: 31%
Magic:  21/30      EV: 25    Int: 24    God:    Vehumet [*****.]
Gold:   249        SH:  0    Dex: 14    Spells: 11/36 levels left

rFire   . . .        p - +1 dagger (holy)
rCold   . . .        (no shield)
rNeg    + . .        (helmet restricted)
rPois   ∞            (no amulet)
rElec   +            s - +5 ring of evasion
rCorr   +            e - ring of resist corrosion
SInv    .            H - +5 ring of evasion
Will    +....        K - ring of wizardry
Stlth   ++++         L - +6 ring of intelligence
HPRegen 0.22/turn    u - +4 ring of protection
MPRegen 0.22/turn    (no ring)
                     (no ring)

%: wizardry (x1)
@: statue-form, very slow
A: slow and powerful, torment resistance 1, reduced hp, almost no armour,
amphibious, 8 rings, camouflage 1, (gelatinous body 1), (nimble swimmer 1),
tentacles, weak 1
a: Begin Untransformation, Renounce Religion


You were on level 14 of the Dungeon.
You worshipped Vehumet.
Vehumet was extremely pleased with you.
You were a living statue of rough stone.
You visited 3 branches of the dungeon, and saw 20 of its levels.
You also visited: Sewer.

You collected 1525 gold pieces.
You spent 1276 gold pieces at shops.

Inventory:

Hand Weapons
 p - a +1 dagger of holy wrath (weapon)
 G - a +2 dagger of venom
 I - a +4 dagger
 P - a +1 dagger of electrocution
Missiles
 d - 5 curare-tipped darts
 i - 8 boomerangs (quivered)
 j - 84 poisoned darts
 m - 18 javelins
 o - 2 throwing nets
Armour
 D - an orb of energy
Jewellery
 e - a ring of resist corrosion (right tentacle)
 s - a +5 ring of evasion (left tentacle)
 u - a +4 ring of protection (on tentacle)
 H - a +5 ring of evasion (on tentacle)
 K - a ring of wizardry (on tentacle)
 L - a +6 ring of intelligence (on tentacle)
 Q - an amulet of guardian spirit
Talismans
 R - a granite talisman (active)
Wands
 a - a wand of roots (2)
 b - a wand of flame (28)
 C - a wand of polymorph (8)
 J - a wand of acid (1)
Scrolls
 c - 2 scrolls of poison
 h - a scroll of teleportation
 l - a scroll of silence
 n - a scroll of summoning
 x - 2 scrolls of enchant armour
 z - a scroll of enchant weapon
 A - 3 scrolls of amnesia
 E - 5 scrolls of identify
 M - 2 scrolls of fog
Potions
 f - 2 potions of invisibility
 g - a potion of resistance
 k - 3 potions of might
 q - 4 potions of enlightenment
 r - 4 potions of cancellation
 t - 2 potions of lignification
 v - 3 potions of mutation
 w - 7 potions of ambrosia
 B - a potion of berserk rage
 F - a potion of brilliance
 N - 2 potions of curing
Miscellaneous
 y - a phial of floods
 O - a tin of tremorstones (2/2)


   Skills:
 - Level 11.0 Fighting
 - Level 6.0 Short Blades
 - Level 2.0 Throwing
 - Level 8.0 Dodging
 - Level 6.6 Stealth
 + Level 11.3 Spellcasting
 - Level 15.0 Conjurations
 - Level 3.0 Transmutations
 - Level 10.0 Fire Magic
 - Level 3.0 Earth Magic
 - Level 2.0 Evocations
 + Level 4.7 Shapeshifting


You had 11 spell levels left.
You knew the following spells:

 Your Spells              Type           Power      Damage    Failure   Level
a - Sticky Flame          Conj/Fire      65%        2d8       1%          4
b - Flame Wave            Conj/Fire      65%        2d15      1%          4
c - Mephitic Cloud        Conj/Pois/Air  37%        N/A       1%          3
d - Fireball              Conj/Fire      32%        3d14      1%          5
e - Passwall              Tmut/Erth      22%        N/A       1%          2
f - Orb of Destruction    Conj           35%        9d10      1%          7

Your spell library contained the following spells:

 Spells                   Type           Power      Damage    Failure   Level
 Eringya's Noxious Bog    Tmut/Pois      10%        4d6       34%         6
 Sandblast                Erth           54%        2d13      1%          1
 Inner Flame              Hex/Fire       37%        N/A       1%          3
 Stone Arrow              Conj/Erth      100%       3d13      1%          3
 Iskenderun's Mystic Bla  Conj/Tloc      49%        2d11      1%          4
 Iskenderun's Battlesphe  Conj           71%        2d12      1%          5
 Lesser Beckoning         Tloc           26%        N/A       2%          2
 Leda's Unmaking          Conj/Erth      27%        9d5       2%          6
 Gell's Gravitas          Tloc           13%        N/A       6%          3
 Portal Projectile        Hex/Tloc       26%        N/A       6%          3
 Teleport Other           Tloc           13%        N/A       6%          3
 Tukima's Dance           Hex            13%        N/A       6%          3
 Cause Fear               Hex            6%         N/A       19%         4
 Spellforged Servitor     Conj/Summ      24%        N/A       19%         7
 Dispersal                Tloc           6%         N/A       94%         6
 Dragon's Call            Summ           6%         N/A       100%        9


Dungeon Overview and Level Annotations

Branches:
Dungeon (14/15)            Temple (1/1) D:5            Lair (5/5) D:10
  Swamp (0/4) Lair:3       Spider (0/4) Lair:2        Slime (0/5) Lair:5
    Orc (0/2) D:12         Vaults (0/5) D:13          Sewer (visited)

Altars:
Ashenzari
Cheibriados
Dithmenos
Elyvilon
Fedhas
Gozag
Hepliaklqana
Kikubaaqudgha
Makhleb
Nemelex Xobeh
Okawaru
Qazlal
Ru
Sif Muna
Trog
Uskayaw
Vehumet
Wu Jian
Xom
Yredelemnul
Zin
The Shining One

Shops:
D:11 (   D:13 =

Annotations:
Lair:2 1 runed translucent door, disskorpion's ghost, journeyman GnMo


Innate Abilities, Weirdness & Mutations

You are a living statue of rough stone.
Your actions are slow, but your melee attacks are powerful.
You are resistant to unholy torment.
Your maximum health is decreased, since you lack skill for your form.
You cannot wear most types of armour.
You are amphibious.
You can wear up to eight rings at the same time.
You are immune to poison.
Your skin changes colour to match your surroundings (Stealth+).
((Your rubbery body absorbs attacks. (AC +1, EV +1)))
((You are camouflaged when in or above water. (Stealth+)))
You have tentacles for arms and can constrict up to eight enemies at once.
You are weak. (Str -2)


Message History

You see here a +0 mace.
The skeletal warrior hits you with a +0 hand axe!
Ouch! That really hurt!
* * * LOW HITPOINT WARNING * * *
Things that are here:
a +0 trident; 18 gold pieces
As you read the scroll of teleportation, it crumbles to dust.
You feel strangely unstable. The skeletal warrior misses you.
A slime creature comes into view.
Your surroundings suddenly seem different.
You start resting.
HP restored.
You start resting.
Magic restored.
A wizard comes into view. It is wielding a +0 dagger.
Casting: Sticky Flame (safe; 1% risk of failure)
Confirm with . or Enter, or press ? or * to list all spells.
Aiming: Fireball (safe; 1% risk of failure)
Press: ? - help, Shift-Dir - straight line, f - wizard
Aim: a wizard, wielding a +0 dagger and wearing a +0 robe (wandering, hasn't noticed you)
The fireball explodes!
The fireball engulfs the wizard!!
The wizard is severely wounded.
The wizard shouts!
The wizard casts a spell.
The wizard blinks!
You start resting.
A wizard is nearby!
Casting: Fireball (safe; 1% risk of failure)
Confirm with . or Enter, or press ? or * to list all spells.
Aiming: Fireball (safe; 1% risk of failure)
Press: ? - help, Shift-Dir - straight line, f/p - wizard
Aim: a wizard, wielding a +0 dagger and wearing a +0 robe (severely wounded)
The fireball explodes!
The fireball engulfs the wizard!
The wizard is almost dead.
The wizard mumbles some strange words.
You feel troubled.
The wizard gestures at you while chanting.
The fireball explodes!
The fireball engulfs you!
Ouch! That really hurt!
You die...

############### ...............
##### ............... ....
#####...####### #... #...# #..#
#...# #..# #...# #..#
####...##################..####
...............8.....p..........
.........###############...#####
#######..# #...# #..# #...# #..#
#...# ######..#######
#####...##### .......>.......
......)...... ...............
............. ........#
########.....


You could see a wizard.

Vanquished Creatures
  Rupert (D:13)
  A frost giant (D:10)
  An eleionoma (Lair:3)
  4 vault guards (D:13)
  An ice dragon (D:10)
  2 hydras
  3 boulder beetles
  4 centaur warriors (D:13)
  A merfolk avatar (Lair:5)
  A catoblepas (Lair:1)
  A two-headed ogre (D:12)
  3 skysharks
  Amaemon (Lair:3)
  3 skeletal warriors (D:14)
  An orb spider (Lair:2)
  4 deep elf pyromancers
  An ugly thing (D:12)
  4 cyclopes
  2 harpies (Lair:5)
  A shining eye (Lair:2)
  6 manticores
  An oklob plant (Lair:3)
  2 black mambas
  Joseph (Lair:1)
  An ice statue (D:10)
  4 elephants
  2 gargoyles (D:14)
  3 unseen horrors
  6 orange demons
  16 cane toads
  3 kobold demonologists
  A rime drake (Lair:2)
  13 komodo dragons
  A queen bee (D:13)
  4 polar bears
  3 meliai (D:13)
  2 trolls (D:12)
  A wind drake (Lair:5)
  4 hornets
  10 blink frogs
  7 dream sheep (Lair:2)
  6 slime creatures
  68 yaks
  6 wyverns
  2 wraiths
  2 vampires
  2 basilisks
  Eustachio (D:5)
  10 vampire mosquitoes
  2 steam dragons
  16 water moccasins
  2 acid dragons
  2 sky beasts (D:6)
  2 orc warriors
  A black bear (D:5)
  14 ice beasts
  2 ogres
  7 wolves
  6 centaurs
  15 kobold brigands
  2 phantoms
  13 bullfrogs
  2 gnoll sergeants
  7 scorpions
  20 killer bees
  5 electric eels (D:10)
  4 hounds
  4 orc priests
  A gnoll bouda (D:6)
  4 sleepcaps
  8 iguanas
  9 orc wizards
  6 gnolls
  12 adders
  7 river rats
  A shadow imp (D:6)
  4 white imps
  An ufetubus (D:7)
  7 worms
  A dart slug (D:4)
  37 orcs
  4 bats
  12 endoplasms
  5 giant cockroaches
  11 goblins
  14 hobgoblins
  2 jackals (D:3)
  23 kobolds
  3 quokkas
  8 ball pythons
  2 frilled lizards
  6 rats
542 creatures vanquished.

Vanquished Creatures (collateral kills)
  Urug (D:10)
  A cane toad (D:10)
2 creatures vanquished.

Grand Total: 544 creatures vanquished

Notes
Turn   | Place    | Note
-------+----------+-------------------------------------------
     0 | D:5      | GordonOverkill the Octopode Delver began the quest for the
                  | Orb.
     0 | D:5      | Reached XP level 1. HP: 16/16 MP: 1/1
     9 | D:6      | Noticed an orc warrior
     9 | D:6      | Noticed an orc wizard
    63 | D:5      | Noticed a hound
    84 | D:5      | Noticed a black bear
    89 | D:5      | Noticed a hound
   105 | D:4      | Reached XP level 2. HP: 18/21 MP: 2/2
   111 | D:4      | HP: 1/21 [poisoned by an adder]
   411 | D:6      | Reached XP level 3. HP: 26/26 MP: 3/3
   432 | D:6      | HP: 1/26 [river rat (3)]
   436 | D:6      | Reached skill level 1 in Throwing
   559 | D:6      | Found a glowing drain.
   566 | Sewer    | Entered a sewer
   683 | Sewer    | Noticed a kobold brigand
   715 | Sewer    | Killed a kobold brigand
   716 | Sewer    | Reached XP level 4. HP: 10/31 MP: 4/4
   716 | Sewer    | Reached XP level 5. HP: 11/36 MP: 5/5
   877 | Sewer    | Noticed a kobold brigand
  1013 | Sewer    | Killed a kobold brigand
  1014 | Sewer    | Reached skill level 5 in Short Blades
  1078 | Sewer    | Noticed a kobold brigand
  1082 | Sewer    | Noticed a kobold brigand
  1153 | Sewer    | Killed a kobold brigand
  1154 | Sewer    | Reached XP level 6. HP: 42/44 MP: 6/6
  1212 | Sewer    | Reached skill level 5 in Fighting
  1336 | Sewer    | Reached XP level 7. HP: 10/50 MP: 7/7
  2421 | D:3      | Found a basalt altar of Yredelemnul.
  2492 | D:3      | Found a sacrificial altar of Ru.
  2495 | D:3      | Found an ornate altar of the Wu Jian Council.
  2932 | D:1      | Reached skill level 1 in Evocations
  3132 | D:2      | Found a bloodstained altar of Trog.
  3145 | D:2      | Reached XP level 8. HP: 42/55 MP: 8/8
  3594 | D:3      | Found a faded altar of an unknown god.
  3637 | D:3      | Found a white marble altar of Elyvilon.
  4302 | D:4      | Found a shadowy altar of Dithmenos.
  4380 | D:4      | Reached skill level 5 in Dodging
  4515 | D:4      | Found a broken altar of Ashenzari.
  4907 | D:5      | Reached skill level 1 in Fire Magic
  4965 | D:5      | Reached skill level 1 in Spellcasting
  4965 | D:5      | Reached skill level 1 in Conjurations
  5036 | D:5      | Found a staircase to the Ecumenical Temple.
  5252 | D:5      | Found a glowing silver altar of Zin.
  5523 | D:5      | Reached skill level 2 in Conjurations
  5650 | Temple   | Entered the Ecumenical Temple
  5658 | Temple   | Became a worshipper of Vehumet
  5949 | D:6      | Noticed a yak
  5952 | D:6      | Killed a yak
  5952 | D:6      | Noticed a yak
  5953 | D:6      | Reached XP level 9. HP: 62/62 MP: 12/12
  5966 | D:6      | Reached skill level 3 in Conjurations
  6599 | D:6      | Noticed Eustachio
  6634 | D:5      | Killed Eustachio
  6634 | D:5      | Reached * piety under Vehumet
  6634 | D:5      | Offered knowledge of Sandblast by Vehumet.
  6858 | D:6      | Reached skill level 4 in Conjurations
  7633 | D:7      | Reached skill level 5 in Conjurations
  7633 | D:7      | Reached skill level 5 in Fire Magic
  7785 | D:7      | Identified the +1 falchion of Devotion {holy, rCorr}
  7832 | D:7      | Learned a level 4 spell: Sticky Flame
  7996 | D:7      | Reached XP level 10. HP: 59/68 MP: 12/17
  8130 | D:7      | Found a hazy altar of Hepliaklqana.
  8148 | D:7      | Reached skill level 5 in Spellcasting
  8413 | D:7      | Found an iron altar of Okawaru.
  8424 | D:7      | Offered knowledge of Magic Dart by Vehumet.
  8429 | D:7      | Reached ** piety under Vehumet
  9589 | D:8      | Found an ancient bone altar of Kikubaaqudgha.
  9767 | D:8      | Reached skill level 6 in Conjurations
 10332 | D:9      | Noticed a kobold demonologist
 10524 | D:9      | Killed a kobold demonologist
 11233 | D:9      | Offered knowledge of Hailstorm by Vehumet.
 11262 | D:9      | Found a burning altar of Makhleb.
 11268 | D:9      | Learned a level 4 spell: Flame Wave
 11323 | D:9      | Found a stormy altar of Qazlal.
 11393 | D:9      | Noticed a cyclops
 11403 | D:9      | Killed a cyclops
 11723 | D:9      | Reached skill level 7 in Conjurations
 11935 | D:10     | Entered Level 10 of the Dungeon
 12113 | D:9      | Reached XP level 11. HP: 68/72 MP: 17/21
 12252 | D:10     | Reached *** piety under Vehumet
 12794 | D:10     | Found a staircase to the Lair.
 13147 | D:10     | Reached skill level 8 in Conjurations
 14568 | D:9      | Offered knowledge of Mephitic Cloud by Vehumet.
 14710 | D:9      | Learned a level 3 spell: Mephitic Cloud
 15591 | D:10     | Reached skill level 10 in Spellcasting
 16681 | D:10     | Noticed a frost giant
 17044 | D:11     | Reached XP level 12. HP: 58/80 MP: 16/26
 17459 | D:11     | Found Yseserhih's Weapon Boutique.
 17932 | D:12     | Noticed a two-headed ogre
 17952 | D:12     | Killed a two-headed ogre
 18070 | D:12     | Found a staircase to the Orcish Mines.
 18595 | D:12     | Noticed a boulder beetle
 18622 | D:12     | Noticed a boulder beetle
 19158 | D:13     | Noticed a centaur warrior
 19159 | D:13     | Found Extukhlin's Jewellery Shoppe.
 19159 | D:13     | Noticed Rupert
 19237 | Lair:1   | Entered Level 1 of the Lair of Beasts
 19238 | Lair:1   | Noticed Urug
 19444 | D:10     | HP: 4/82 [cane toad (18)]
 19445 | D:10     | Killed Urug
 19695 | D:10     | Reached **** piety under Vehumet
 20226 | D:10     | Offered knowledge of Fireball by Vehumet.
 20315 | D:10     | Learned a level 5 spell: Fireball
 20675 | Lair:1   | Noticed a catoblepas
 20688 | Lair:1   | Killed a catoblepas
 20689 | Lair:1   | Reached skill level 10 in Fighting
 21069 | Lair:1   | Noticed Joseph
 21083 | Lair:1   | Killed Joseph
 21768 | Lair:2   | Reached XP level 13. HP: 48/93 MP: 21/27
 21778 | Lair:2   | Gained mutation: You are weak. (Str -2) [a shining eye]
 21961 | Lair:2   | Found a hole to the Spider Nest.
 22147 | Lair:2   | Reached skill level 9 in Conjurations
 22943 | Lair:2   | Found a runed translucent door.
 22945 | Lair:2   | Identified the +0 trident of Kicrued {freeze, MP+9 Str+2
                  | Int+2 Dex-3}
 22947 | Lair:2   | Noticed disskorpion's ghost (journeyman GnMo)
 22972 | Lair:3   | Learned a level 2 spell: Passwall
 22993 | Lair:3   | Noticed Amaemon
 23059 | Lair:3   | Reached ***** piety under Vehumet
 23303 | Lair:3   | Killed Amaemon
 23303 | Lair:3   | Offered knowledge of Orb of Destruction by Vehumet.
 23304 | Lair:3   | Reached skill level 1 in Transmutations
 23304 | Lair:3   | Reached skill level 1 in Earth Magic
 23312 | Lair:3   | Learned a level 7 spell: Orb of Destruction
 23494 | Lair:3   | Noticed an eleionoma
 23499 | Lair:3   | Found a staircase to the Swamp.
 23522 | Lair:3   | Killed an eleionoma
 25531 | Lair:3   | Found a staircase to the Swamp.
 26198 | Lair:4   | Reached skill level 10 in Conjurations
 26198 | Lair:4   | Reached skill level 10 in Fire Magic
 26535 | Lair:4   | Identified the +4 robe of the Ladybird {rF++}
 26997 | Lair:4   | Reached skill level 11 in Conjurations
 27532 | Lair:5   | Entered Level 5 of the Lair of Beasts
 27797 | Lair:5   | Reached XP level 14. HP: 96/101 MP: 9/28
 27894 | Lair:5   | Reached skill level 12 in Conjurations
 28937 | Lair:5   | Found a staircase to the Slime Pits.
 29144 | Lair:5   | Reached skill level 13 in Conjurations
 30788 | D:10     | Killed a frost giant
 31067 | D:10     | Reached skill level 14 in Conjurations
 32985 | D:13     | Bought a +4 ring of protection for 396 gold pieces
 33256 | D:13     | Reached skill level 15 in Conjurations
 33324 | D:13     | Reached skill level 1 in Shapeshifting
 33514 | D:13     | Identified the +9 hand axe of Fortitude {heavy, rElec rPois
                  | rCorr}
 33578 | D:13     | Killed Rupert
 33880 | D:13     | Found a gate to the Vaults.
 33983 | D:13     | Reached XP level 15. HP: 106/106 MP: 19/29
 34891 | D:13     | Offered knowledge of Eringya's Noxious Bog by Vehumet.
 35828 | D:13     | Bought a granite talisman for 880 gold pieces
 36301 | D:14     | Killed from afar by a wizard

Illustrated notes

Levels and vault maps discovered:
D:1:      psy_arrival_whirlpool, layout_basic
D:2:      cheibrodos_old_hovel, layout_rooms, basic_altar, reono_crystal_passage
D:3:      layout_basic, yredelemnul_altar_generic,
          nicolae_elyvilon_peaceful_grove, mainiacjoe_overflow_large_starburst,
          hellmonk_ecumenical_altar_zigzags
D:4:      layout_rooms, mainiacjoe_overflow_alcove_4,
          ashenzari_conservatory_becter
D:5:      layout_basic, mainiacjoe_overflow_chevrons,
          minmay_temple_entry_statues_pillars
D:6:      layout_loops_corners, gup_sewer_entry_bubbles,
          kennysheep_generic_room_6, uniq_eustachio
D:7:      layout_basic, okawaru_altar_gauntlet_db, old_standard_altar
D:8:      layout_gridville, nicolae_overflow_crystal_walls
D:9:      layout_stronghold, mainiacjoe_overflow_surrounded_room,
          kennysheep_mini, minmay_increasing_density
D:10:     minmay_twisted_water, layout_stronghold, minmay_lair_entry_grove
D:11:     layout_loops_ring, serial_shops, nicolae_lakefront_shop,
          lemuel_flame_loot_1
D:12:     layout_roguey, orc_0_dummy
D:13:     layout_grid_maze, lightli_vaults_fourway_checkpoint, special_room
          [special_room_bee], serial_shops, shop, nicolae_wwwww,
          einodemon_barbed_minivault, uniq_rupert
D:14:     layout_long_grid, nicolae_uskayaw_dance_hall, minmay_misc_feat_doors
Temple:   nicolae_temple_two_arcs
Lair:1:   layout_concentric_octagons, lemuel_fruit_fields, serial_bayou_shore_a,
          uniq_joseph, uniq_urug
Lair:2:   beast_lair_carwin_large_1, layout_hall_layers,
          nicolae_spider_entry_orb_guardian, ebering_ghost_funeral_grove
Lair:3:   layout_concentric_octagons, alex1729_swamp_entry_worm_eleionoma,
          infiniplex_staircase_pool_2, grunt_megastairs_1, uniq_amaemon
Lair:4:   layout_loops_ring
Lair:5:   gammafunk_lair_ancient_temple, layout_cave_pods, slime_entry_1

Skill      XL: |  1  2  3  4  5  6  7  8  9 10 11 12 13 14 15 |
---------------+----------------------------------------------+-----
Short Blades   | 3 4 5 6 |  6.0
Throwing       | 2 |  2.0
Fighting       | 4 5 6 10 11 | 11.0
Dodging        | 4 5 6 8 |  8.0
Evocations     | 1 2 |  2.0
Fire Magic     | 2 5 7 8 10 | 10.0
Spellcasting   | 2 4 7 10 11 | 11.3
Conjurations   | 2 5 7 8 11 15 | 15.0
Transmutations | 3 |  3.0
Earth Magic    | 3 |  3.0
Shapeshifting  | 2 4 |  4.7
Stealth        | |  6.6

Action                     |  1- 3 |  4- 6 |  7- 9 | 10-12 | 13-15 || total
---------------------------+-------+-------+-------+-------+-------++-------
  Melee: Short sword       |    50 |    43 |    52 |       |       ||   145
         Constrict         |    12 |     6 |    66 |    52 |    19 ||   155
         Tentacles         |    11 |    12 |    99 |   123 |    52 ||   297
         Punch             |       |     2 |    10 |     7 |     5 ||    24
         Dagger            |       |       |   342 |   352 |   141 ||   835
  Throw: Dart              |       |     1 |    13 |    10 |       ||    24
         Boomerang         |       |       |       |    65 |    11 ||    76
   Cast: Sticky Flame      |       |       |     2 |   144 |    62 ||   208
         Flame Wave        |       |       |       |    16 |     1 ||    17
         Fireball          |       |       |       |    12 |   251 ||   263
         Mephitic Cloud    |       |       |       |     2 |     6 ||     8
         Orb of Destructio |       |       |       |       |    59 ||    59
  Evoke: Wand              |       |       |       |    17 |    13 ||    30
    Use: Scroll            |     1 |       |     7 |    19 |     9 ||    36
         Potion            |     5 |     1 |       |     6 |       ||    12
   Stab: Sleeping          |     5 |     4 |    53 |    12 |     2 ||    76
         Distracted        |       |       |     2 |       |       ||     2
         Confused          |       |       |       |     1 |     2 ||     3
 Armour: Skin              |     3 |       |    12 |    10 |    16 ||    41
  Dodge: Dodged            |    31 |    13 |   216 |   514 |   239 ||  1013
   Form: Statue            |       |       |       |       |     1 ||     1

Table legend: (Time is in decaauts)
 A = Elapsed time spent in this place.
 B = Non-inter-level travel time spent in this place.
 C = Inter-level travel time spent in this place.
 D = Time resting spent in this place.
 E = Time spent auto-exploring this place.
 F = Levels seen in this place.
 G = Mean time per level.
                   A        B        C        D        E       F      G
               +--------+--------+--------+--------+--------+-----+--------+
         Total |  36293 |  34768 |   1525 |  18421 |   9788 |  21 | 1728.2 |
       Dungeon |  24388 |  23264 |   1124 |  12412 |   6438 |  14 | 1742.0 |
        Temple |     16 |      9 |      7 |      0 |      0 |   1 |   16.0 |
          Lair |  10226 |   9834 |    392 |   5034 |   3304 |   5 | 2045.2 |
         Sewer |   1661 |   1661 |      0 |    975 |     46 |   1 | 1661.0 |
               +--------+--------+--------+--------+--------+-----+--------+

Top non-repeatable levels by time:
    D:10: 5400 daAuts
    D:13: 3042 daAuts
    D:12: 2999 daAuts
     D:9: 2926 daAuts
  Lair:5: 2631 daAuts
  Lair:3: 2492 daAuts
     D:6: 2133 daAuts
  Lair:4: 1985 daAuts
  Lair:2: 1916 daAuts
   Sewer: 1661 daAuts
     D:7: 1400 daAuts
  Lair:1: 1200 daAuts
     D:5: 1161 daAuts
     D:8: 1119 daAuts
    D:11: 951 daAuts
